 Dungeon Crawl Stone Soup version 0.27-a0-668-gb5737ff2c0 (webtiles) character file.

Game seed: 16690766692186628550

104 rageheart7 the Skirmisher (level 4, -3/30 HPs)
             Began as a Gargoyle Abyssal Knight on Mar 17, 2021.
             Was a Believer of Lugonu.
             Slain by Crazy Yiuf
             ... wielding a +4 quarterstaff of chaos
              (12 damage)
             ... on level 2 of the Dungeon.
             The game lasted 00:03:09 (2434 turns).

rageheart7 the Skirmisher (Gargoyle Abyssal Knight) Turns: 2434, Time: 00:03:09

Health: -3/30      AC:  6    Str: 16    XL:     4   Next: 80%
Magic:  5/5        EV: 11    Int: 12    God:    Lugonu [**....]
Gold:   92         SH:  0    Dex: 10    Spells: 3/3 levels left

rFire    . . .     SeeInvis .   a - +1 mace
rCold    . . .     Faith    .   (no shield)
rNeg     + + .     Spirit   .   g - +0 leather armour
rPois    ∞         Reflect  .   (no helmet)
rElec    +         Harm     .   (no cloak)
rCorr    .         Rampage  .   (no gloves)
Will     .....                  (no boots)
Stlth    +.........             (no amulet)
HPRegen  0.10/turn              d - ring of positive energy
MPRegen  0.09/turn              (no ring)

@: no status effects
A: AC +3, negative energy resistance 1, electricity resistance, torment
resistance 1, unbreathing 1, petrification resistance
a: Renounce Religion, Depart the Abyss, Bend Space


You were on level 2 of the Dungeon.
You worshipped Lugonu.
Lugonu was pleased with you.
You visited 1 branch of the dungeon, and saw 2 of its levels.
You visited the Abyss 1 time.

You collected 92 gold pieces.

Inventory:

Hand Weapons
 a - a +1 mace (weapon)
 b - a +1 hunting sling of freezing
Missiles
 i - 78 stones
Armour
 e - a +0 kite shield
 g - a +0 leather armour (worn)
Jewellery
 d - a ring of positive energy (right hand)
Scrolls
 f - a scroll of teleportation
 h - a scroll of immolation {unknown}
 l - a scroll of identify {unknown}
Potions
 c - a potion of haste {unknown}
 j - 2 potions of brilliance {unknown}
 k - a potion of degeneration {unknown}
 m - a potion of magic {unknown}


   Skills:
 * Level 4.9 Fighting
 * Level 3.5 Maces & Flails
 - Level 2.1 Armour
 - Level 0.7 Dodging
 - Level 2.0 Invocations


You had 3 spell levels left.
You didn't know any spells.
Your spell library contained the following spells:

 Spells                   Type           Power      Damage    Failure   Level
 Magic Dart               Conj           0%         1d3       38%         1
 Blink                    Tloc           N/A        N/A       52%         2
 Call Imp                 Summ           0%         N/A       52%         2
 Slow                     Hex            0%         N/A       52%         2
 Confusing Touch          Hex            0%         N/A       77%         3
 Conjure Flame            Conj/Fire      0%         6-21      77%         3
 Gell's Gravitas          Tloc           0%         N/A       77%         3
 Mephitic Cloud           Conj/Pois/Air  0%         N/A       77%         3
 Petrify                  Tmut/Erth      0%         N/A       99%         4
 Metabolic Englaciation   Hex/Ice        0%         N/A       100%        5
 Yara's Violent Unravell  Hex/Tmut       0%         3d3       100%        5


Dungeon Overview and Level Annotations

Branches:
Dungeon (2/15)

Altars:
The Shining One

Annotations:
D:2 Crazy Yiuf


Innate Abilities, Weirdness & Mutations

Your stone body is resilient. (AC +3)
You are immune to poison.
You resist negative energy. (rN+)
You are resistant to electric shocks. (rElec)
You are resistant to unholy torment.
You can survive without breathing.
You are immune to petrification.


Message History

i - 78 stones (gained 25)
There is a glowing golden altar of the Shining One here.
A frilled lizard comes into view.
A frilled lizard is nearby!
You hit the frilled lizard.
You kill the frilled lizard!
Lugonu accepts your kill.
No target in view!
No target in view!
No target in view!
No target in view!
No target in view!
No target in view!
No target in view!
No target in view!
No target in view!
No target in view!
No target in view!
No target in view!
You see here a +0 club.
Crazy Yiuf shouts!
Could not explore, unopened runed door.
Could not explore, unopened runed door.
You open the door. You hit Crazy Yiuf but do no damage.
Crazy Yiuf cries, "You leg down broken song, no?"
Crazy Yiuf hits you with a +4 quarterstaff of chaos!
Ouch! That really hurt!
You hit Crazy Yiuf.
Crazy Yiuf is moderately wounded.
Crazy Yiuf hits you with a +4 quarterstaff of chaos.
You hit Crazy Yiuf.
Crazy Yiuf is heavily wounded.
Crazy Yiuf whimpers, "Snower agre sing!"
Crazy Yiuf hits you with a +4 quarterstaff of chaos.
* * * LOW HITPOINT WARNING * * *
You hit Crazy Yiuf.
Crazy Yiuf is heavily wounded.
Crazy Yiuf hits you with a +4 quarterstaff of chaos!
You die...

### ♣♣#### #)..#♣♣
♣♣..#.##
#...g@♣♣♣♣......#
#...#♣..♣.......#
### ♣♣♣.♣...#..#
♣♣♣♣♣##.## #.#
######### #.#
#.......# #.#
#.......# #.#
#.......###.#######


You could see Crazy Yiuf.

Vanquished Creatures
  5 adders (D:2)
  2 leopard geckos (D:1)
  A ball python (D:1)
  6 bats
  2 giant cockroaches (D:2)
  4 goblins
  7 hobgoblins
  11 jackals
  3 quokkas
  3 frilled lizards
  6 kobolds
  2 rats
52 creatures vanquished.

Notes
Turn   | Place    | Note
-------+----------+-------------------------------------------
     0 | Abyss:1  | rageheart7 the Gargoyle Abyssal Knight began the quest for
                  | the Orb.
     0 | Abyss:1  | Reached XP level 1. HP: 14/14 MP: 2/2
    79 | Abyss:1  | Noticed a large abomination
    80 | D:1      | Escaped the Abyss
   214 | D:1      | Reached XP level 2. HP: 20/20 MP: 3/3
   326 | D:1      | Reached skill level 4 in Fighting
   862 | D:1      | Reached XP level 3. HP: 24/24 MP: 4/4
   875 | D:1      | Reached * piety under Lugonu
  1753 | D:2      | Reached XP level 4. HP: 30/30 MP: 5/5
  2078 | D:2      | Found a glowing golden altar of the Shining One.
  2090 | D:2      | Reached ** piety under Lugonu
  2198 | D:2      | Found a runed translucent door.
  2199 | D:2      | Noticed Crazy Yiuf
  2434 | D:2      | Slain by Crazy Yiuf

Illustrated notes

Levels and vault maps discovered:
D:1:      saegor_arrival_miasma, layout_basic, serial_curves, eino_curves_04,
          eino_curves_03, chequers_garden
D:2:      layout_rooms, overflow_temple_1_default, uniq_crazy_yiuf_cottage

Skill      XL: |  1  2  3 |
---------------+----------+-----
Fighting       | 4 |  4.9
Maces & Flails | 3 |  3.5
Armour         | |  2.1
Dodging        | |  0.7
Invocations    | |  2.0

Action                   |  1- 3 |  4- 6 || total
-------------------------+-------+-------++-------
Melee: Mace              |    98 |    64 ||   162
Invok: Depart the Abyss  |     1 |       ||     1
  Use: Scroll            |     1 |       ||     1
Armor: Leather armour    |    42 |    35 ||    77
Dodge: Dodged            |    75 |    48 ||   123

Table legend: (Time is in decaauts)
 A = Elapsed time spent in this place.
 B = Non-inter-level travel time spent in this place.
 C = Inter-level travel time spent in this place.
 D = Time resting spent in this place.
 E = Time spent auto-exploring this place.
 F = Levels seen in this place.
 G = Mean time per level.
                   A        B        C        D        E       F      G
               +--------+--------+--------+--------+--------+-----+--------+
         Total |   2478 |   2454 |     24 |    869 |   1199 |   3 |  826.0 |
       Dungeon |   2398 |   2374 |     24 |    869 |   1121 |   2 | 1199.0 |
         Abyss |     80 |     80 |      0 |      0 |     78 |   1 |   80.0 |
               +--------+--------+--------+--------+--------+-----+--------+

Top non-repeatable levels by time:
     D:1: 1202 daAuts
     D:2: 1195 daAuts
 Abyss:1: 80 daAuts
